[Event "Team 45 45 League T42"]
[Site "Internet Chess Club"]
[Date "2009.08.30"]
[Round "5"]
[White "Folgers"]
[Black "Hubris123"]
[Result "0-1"]
[WhiteElo "1989"]
[BlackElo "2024"]
[Opening "Trompowsky attack (Ruth, Opocenský opening)"]
[ECO "A45"]
[Time "21:00:10"]
[TimeControl "2700+45"]

1. d4 Nf6 2. Bg5 e6 3. e4 h6 4. Bxf6 Qxf6 5. Nc3 d6 6. Qd2 g5 7. Nb5 Qd8 8.
O-O-O Bg7 9. Ne2 Nc6 10. g3 a6 11. Na3 Qf6 12. f4 e5 13. fxe5 Qf3 14. Rg1 dxe5
15. Bg2 Qh5 16. d5 Nd4 17. Nxd4 exd4 18. Bf1 Bd7 19. Nc4 O-O-O 20. Bd3 Rhe8 21.
Rdf1 g4 22. Qf2 Rf8 23. d6 Qc5 24. dxc7 Qxc7 25. Qf4 Be6 26. Qxc7+ Kxc7 27. Nd2
Rc8 28. Bc4 Kd6 29. Bxe6 fxe6 30. Kd1 h5 31. Nb3 Bh6 32. Rxf8 Rxf8 33. Ke2 Be3
34. Rg2 b6 35. Nd2 Bxd2 36. Kxd2 Ke5 37. Re2 b5 38. Ke1 a5 39. a3 Rf3 40. Kd2 d3
41. cxd3 Kd4 42. e5 Rxd3+ 43. Kc2 Re3 44. Rf2 Kxe5 45. Kd2 Kd4 46. Rf4+ Re4 47.
Rf8 Kc4 48. Rc8+ Kb3 49. Rc5 Rd4+ 50. Ke3 Rd5 51. Rc6 Kxb2 52. Rxe6 Kxa3 53. Ke4
Rd2 {White resigns} 0-1

[Event "Team 45 45 League T42"]
[Site "Internet Chess Club"]
[Date "2009.08.30"]
[Round "5"]
[White "Merciful"]
[Black "Guoruey"]
[Result "1/2-1/2"]
[WhiteElo "1900"]
[BlackElo "2023"]
[Opening "Sicilian, Chekhover variation"]
[ECO "B53"]
[Time "18:10:58"]
[TimeControl "2700+45"]

1. e4 c5 2. Nf3 d6 3. d4 cxd4 4. Qxd4 a6 5. Be3 Nc6 6. Qd2 Nf6 7. Nc3 e6 8.
O-O-O b5 9. Nd4 Bb7 10. f3 Rc8 11. g4 Be7 12. Nxc6 Bxc6 13. g5 Nd7 14. h4 Ne5
15. f4 b4 16. Nd5 exd5 17. fxe5 dxe5 18. exd5 Bb7 19. Bh3 Ra8 20. Rhf1 Bd6 21.
g6 hxg6 22. Rxf7 Kxf7 23. Be6+ Ke8 24. Qg2 Qxh4 25. Qxg6+ Kd8 26. Bg5+ Qxg5+ 27.
Qxg5+ Kc7 28. Rf1 Raf8 29. Qxg7+ Kb6 30. Rxf8 Rxf8 31. b3 a5 32. Qh6 Kc7 33.
Qg7+ Kb6 34. Bf7 Ba6 35. Qf6 Kc7 36. Qf2 Bb7 37. Qf6 Bxd5 38. Qf2 Rxf7 39. Qa7+
Bb7 40. Qxa5+ Kd7 41. Qb5+ Bc6 42. Qa6 Rf8 43. a4 bxa3 44. Qa7+ Ke6 45. Qa6 Bd5
46. c4 Rf1+ 47. Kd2 Bg2 48. c5 Rf2+ 49. Ke1 Rf1+ 50. Ke2 a2 51. Qxd6+ Kf5 52.
Qf8+ Ke6 53. Qe8+ Kf5 54. Qf8+ Ke6 55. Qe8+ Kf5 {Game drawn by mutual agreement}
1/2-1/2

[Event "Team 45 45 League T42"]
[Site "Internet Chess Club"]
[Date "2009.08.30"]
[Round "5"]
[White "MeanMrMustard"]
[Black "upsan"]
[Result "1-0"]
[WhiteElo "1932"]
[BlackElo "1821"]
[Opening "French: Rubinstein variation"]
[ECO "C03"]
[Time "20:00:09"]
[TimeControl "2700+45"]

1. e4 e6 2. d4 d5 3. Nd2 dxe4 4. Nxe4 Nd7 5. Nf3 Ngf6 6. Bd3 Be7 7. Qe2 Nxe4 8.
Bxe4 O-O 9. h4 c5 10. Be3 cxd4 11. Bxd4 f5 12. Bd3 Nc5 13. O-O-O Nxd3+ 14. Rxd3
Qa5 15. Kb1 Bf6 16. Bxf6 gxf6 17. Rhd1 e5 18. Rd6 b6 19. Qc4+ Kg7 20. Qc6 Ba6
21. Rd7+ Kg6 22. Qc7 Rh8 23. h5+ Kh6 24. Qd6 Raf8 25. Qe7 {Black resigns} 1-0

[Event "Team 45 45 League T42"]
[Site "Internet Chess Club"]
[Date "2009.09.01"]
[Round "5"]
[White "cityprosecutor"]
[Black "HumanTornado"]
[Result "0-1"]
[WhiteElo "1773"]
[BlackElo "1955"]
[Opening "Sicilian defense"]
[ECO "B20"]
[Time "22:00:05"]
[TimeControl "2700+45"]

1. e4 c5 2. d3 Nc6 3. g3 g6 4. Bg2 Bg7 5. Nf3 d6 6. Nbd2 Rb8 7. a4 a6 8. Nc4 b5
9. axb5 axb5 10. Ne3 e6 11. h4 h5 12. O-O Nge7 13. Ng5 O-O 14. f4 b4 15. f5 Be5
16. Kh2 Nd4 17. f6 Nec6 18. Nc4 Bxf6 19. g4 hxg4 20. Qxg4 e5 21. Qd1 Ne6 22.
Nxe6 Bxe6 23. h5 Bg7 24. hxg6 Qh4+ 25. Kg1 fxg6 26. Ra6 Rxf1+ 27. Qxf1 Rf8 28.
Qd1 Bg4 29. Qd2 Nd4 {White resigns} 0-1

[Event "Team 45 45 League T42"]
[Site "Internet Chess Club"]
[Date "2009.08.29"]
[Round "5"]
[White "rookmaster23"]
[Black "CheeryCherry"]
[Result "0-1"]
[WhiteElo "1370"]
[BlackElo "1521"]
[Opening "Giuoco Piano"]
[ECO "C54"]
[Time "15:00:11"]
[TimeControl "2700+45"]

1. e4 e5 2. Nf3 Nc6 3. Bc4 Bc5 4. c3 Nf6 5. d3 h6 6. O-O d6 7. Re1 Be6 8. Bxe6
fxe6 9. d4 exd4 10. cxd4 Bb6 11. Nc3 Qd7 12. a4 a5 13. e5 dxe5 14. dxe5 Qxd1 15.
Rxd1 Ng4 16. h3 Nxf2 17. Rf1 Nxh3+ 18. Kh2 Nf2 19. Nb5 Ng4+ 20. Kg3 h5 21. Ng5
Ncxe5 22. Nxe6 h4+ 23. Kh3 Nf2+ 24. Rxf2 Bxf2 25. Nexc7+ Kf7 26. Nxa8 Rxa8 27.
Nd6+ Kg6 28. Nxb7 Bg3 29. Bd2 Rf8 30. Bxa5 Nd3 31. Bd2 Nf2# {White checkmated}
0-1

[Event "Team 45 45 League T42"]
[Site "Internet Chess Club"]
[Date "2009.08.30"]
[Round "5"]
[White "nobull"]
[Black "PawnSensei"]
[Result "1-0"]
[WhiteElo "1576"]
[BlackElo "1441"]
[Opening "Queen's pawn game, Darooha variation "]
[ECO "D02"]
[Time "20:18:36"]
[TimeControl "2700+45"]

1. Nf3 Nf6 2. d4 d5 3. g3 b6 4. Bg2 Bb7 5. O-O c5 6. c4 e6 7. Nc3 Nc6 8. Bf4
cxd4 9. Nb5 Rc8 10. Rc1 a6 11. Nbxd4 Nxd4 12. Nxd4 Be7 13. Qa4+ Qd7 14. Qxd7+
Nxd7 15. cxd5 Rxc1 16. Rxc1 Bxd5 17. Rc8+ Bd8 18. Bc7 Ke7 19. Bxd5 {Black
resigns} 1-0

[Event "Team 45 45 League T42"]
[Site "Internet Chess Club"]
[Date "2009.08.28"]
[Round "5"]
[White "BosqueVerde"]
[Black "radiohead"]
[Result "0-1"]
[WhiteElo "1285"]
[BlackElo "1408"]
[Opening "QGD Slav defense"]
[ECO "D10"]
[Time "22:02:14"]
[TimeControl "2700+45"]

1. d4 d5 2. c4 c6 3. Nc3 Nf6 4. Qc2 e6 5. Nf3 Nbd7 6. Bg5 Be7 7. e3 Ne4 8. Bxe7
Qxe7 9. c5 Ndf6 10. Bd3 Nxc3 11. bxc3 g6 12. a4 b6 13. cxb6 axb6 14. O-O O-O 15.
Rfb1 Nd7 16. c4 Ba6 17. cxd5 Bxd3 18. Qxd3 exd5 19. Qc3 Rfc8 20. Ne5 Nxe5 21.
dxe5 Qc7 22. Qb2 Rab8 23. h3 c5 24. f4 h5 25. Qf2 Re8 26. Qg3 Qd7 27. a5 bxa5
28. Rxb8 Rxb8 29. Rxa5 Rc8 30. Qg5 c4 31. g4 hxg4 32. hxg4 Qe6 33. Kf2 c3 34.
Ra1 c2 35. Rc1 Kg7 36. Kf3 Qa6 37. f5 Qd3 38. Qf6+ Kg8 39. fxg6 Qe4+ 40. Kg3
Qxe3+ 41. Kh4 Qh6+ 42. Kg3 Qxg6 43. Qf5 Qxf5 44. gxf5 d4 45. Kf3 d3 46. Ke3 Rd8
47. Kd2 Kg7 48. Rg1+ Kf8 49. f6 Ke8 50. Rf1 Rd5 51. e6 fxe6 52. f7+ Kf8 53. Rf6
Rc5 54. Rf1 e5 55. Rc1 Kxf7 56. Kxd3 Ke6 57. Rxc2 Rxc2 58. Kxc2 Kd5 59. Kd3 e4+
60. Ke3 Ke5 61. Kf2 Kd4 62. Ke2 e3 63. Kd1 Ke4 64. Ke2 Kd4 65. Kd1 Kd3 66. Ke1
e2 67. Kf2 Kd2 {White resigns} 0-1

[Event "Team 45 45 League T42"]
[Site "Internet Chess Club"]
[Date "2009.08.31"]
[Round "5"]
[White "MikeA"]
[Black "jocooper"]
[Result "1-0"]
[WhiteElo "1345"]
[BlackElo "1171"]
[Opening "Pirc: classical system, 5.Be2"]
[ECO "B08"]
[Time "21:00:35"]
[TimeControl "2700+45"]

1. e4 d6 2. d4 Nf6 3. Nc3 g6 4. Nf3 Bg7 5. Be2 O-O 6. O-O Nbd7 7. Re1 c6 8. Bf4
e5 9. dxe5 Ng4 10. exd6 Qf6 11. Bg3 Qe6 12. Nd4 Bxd4 13. Qxd4 c5 14. Qd5 Qxd5
15. Nxd5 h5 16. Bxg4 hxg4 17. Ne7+ Kh7 18. Nxc8 Raxc8 19. Rad1 f6 20. e5 fxe5
21. Bxe5 Nxe5 22. Rxe5 b6 23. Re7+ Kh6 24. Rxa7 Rcd8 25. Rc7 Rh8 26. Rc6 Rd7 27.
Rxb6 Rhd8 28. Rc6 Re8 29. Kf1 g5 30. Re1 Red8 31. Re6+ Kh5 32. Re7 Kg6 33. Rxd7
Rxd7 34. Ke2 Kf6 35. Kd3 Ke6 36. Kc4 Rxd6 37. Rxd6+ Kxd6 38. b4 cxb4 39. Kxb4
Kd5 40. c4+ Kc6 41. a4 g3 42. hxg3 g4 43. f4 gxf3 44. gxf3 {Black resigns} 1-0

[Event "Team 45 45 League T42"]
[Site "Internet Chess Club"]
[Date "2009.08.31"]
[Round "5"]
[White "AlPearson"]
[Black "BotanicalKnight"]
[Result "0-1"]
[WhiteElo "1389"]
[BlackElo "1573"]
[Opening "English: Anglo-Dutch defense"]
[ECO "A10"]
[Time "22:07:14"]
[TimeControl "2700+45"]

1. c4 f5 2. g3 Nf6 3. Bg2 e5 4. d3 Be7 5. Nc3 O-O 6. Nf3 d6 7. O-O a5 8. b3 c6
9. Bb2 Na6 10. a3 Qe8 11. Re1 Qh5 12. e4 f4 13. d4 fxg3 14. dxe5 gxf2+ 15. Kxf2
dxe5 16. Rh1 Nc5 17. Qe2 Nxb3 18. Rag1 Bc5+ 19. Ke1 Bxg1 20. Rxg1 Bg4 21. c5 Nd4
22. Qc4+ Kh8 23. Nxd4 exd4 24. Nb1 Qxh2 25. Qxd4 Rad8 26. Qe3 Rd1+ {White
resigns} 0-1

[Event "Team 45 45 League T42"]
[Site "Internet Chess Club"]
[Date "2009.08.28"]
[Round "5"]
[White "IanT"]
[Black "AtomicDog"]
[Result "1-0"]
[WhiteElo "1535"]
[BlackElo "1371"]
[Opening "Alekhine's defense"]
[ECO "B02"]
[Time "08:00:14"]
[TimeControl "2700+45"]

1. e4 Nf6 2. Nc3 e6 3. d4 Bb4 4. e5 Nd5 5. Bd2 Bxc3 6. Bxc3 d6 7. Nf3 O-O 8. Bc4
dxe5 9. Nxe5 f6 10. Nf3 Nc6 11. O-O Kh8 12. Qd2 Qd6 13. Rad1 Bd7 14. h3 Nxc3 15.
Qxc3 Qb4 16. Qxb4 Nxb4 17. c3 Nd5 18. Rfe1 Rae8 19. Rd2 c6 20. Bxd5 cxd5 21. b3
Re7 22. c4 Bc6 23. c5 e5 24. dxe5 fxe5 25. Rxe5 Rxe5 26. Nxe5 Kg8 27. Nxc6 bxc6
28. Re2 Kf7 29. Kh2 Re8 30. Rd2 Rd8 31. Kg3 Re8 32. Kf4 Kf6 33. Kg4 Re4+ 34. f4
g5 35. g3 gxf4 36. gxf4 h5+ 37. Kxh5 Rxf4 38. Rc2 d4 39. Rd2 Rf5+ 40. Kg4 Rd5
41. Kf4 Rxc5 42. Rxd4 Rd5 43. Rxd5 cxd5 44. Ke3 a5 45. Kd4 {Black resigns} 1-0

[Event "Team 45 45 League T42"]
[Site "Internet Chess Club"]
[Date "2009.08.30"]
[Round "5"]
[White "Rubacchus"]
[Black "Conjurer"]
[Result "0-1"]
[WhiteElo "1268"]
[BlackElo "1306"]
[Opening "Sicilian defense"]
[ECO "B20"]
[Time "13:14:58"]
[TimeControl "2700+45"]

1. e4 c5 2. Bc4 d6 3. Nf3 Nf6 4. Nc3 a6 5. Ng5 e6 6. O-O b5 7. Be2 Be7 8. f4 Nc6
9. d3 O-O 10. a3 Bb7 11. Bf3 Nd4 12. e5 Nxf3+ 13. Nxf3 dxe5 14. fxe5 Nd5 15. Ne4
f6 16. c4 Nb6 17. b3 bxc4 18. bxc4 fxe5 19. Nxe5 Qd4+ 20. Kh1 Rxf1+ 21. Qxf1
Qxa1 22. Qf7+ Kh8 23. Ng6+ hxg6 24. h3 Qxc1+ 25. Kh2 Bf6 26. Qxb7 Be5+ 27. Ng3
Rb8 28. Qe4 Qf4 29. Qxg6 Qxg3+ 30. Qxg3 Bxg3+ 31. Kxg3 Rf8 32. Kg4 Rf5 33. h4 g6
34. Kg3 Nd7 35. a4 Ne5 36. d4 cxd4 37. a5 d3 38. c5 d2 39. c6 Nxc6 40. h5 gxh5
41. Kh4 d1=Q 42. Kg3 Qe2 43. Kh2 Qg4 44. g3 Rf2+ 45. Kh1 Qd1# {White checkmated}
0-1

[Event "Team 45 45 League T42"]
[Site "Internet Chess Club"]
[Date "2009.08.31"]
[Round "5"]
[White "powerchess1"]
[Black "parrot9"]
[Result "1-0"]
[WhiteElo "1790"]
[BlackElo "1763"]
[Opening "Queen's bishop game"]
[ECO "D00"]
[Time "17:01:12"]
[TimeControl "2700+45"]

1. d4 d5 2. Bf4 Nf6 3. Nf3 e6 4. e3 Bd6 5. Bg5 Nbd7 6. Bd3 h6 7. Bh4 O-O 8. Nbd2
e5 9. dxe5 Nxe5 10. Nxe5 Bxe5 11. c3 Bg4 12. Bxf6 Qxf6 13. Qxg4 Bxc3 14. Qf5
Qxf5 15. Bxf5 Bxb2 16. Rb1 Bc3 17. Ke2 b6 18. Rhc1 Be5 19. Nf3 Bd6 20. Rc6 g6
21. Bd3 Rfe8 22. Nd4 a6 23. Bc2 Re7 24. Bb3 Bc5 25. Bxd5 Rd8 26. Rxc5 bxc5 27.
Nc6 Red7 28. Nxd8 Rxd5 29. Nc6 Rd6 30. Na5 Rb6 31. Rxb6 cxb6 32. Nc4 b5 33. Kd3
f5 34. Nb6 Kf7 35. Nd5 a5 36. Nc3 {Black forfeits on time} 1-0

[Event "Team 45 45 League T42"]
[Site "Internet Chess Club"]
[Date "2009.08.30"]
[Round "5"]
[White "Invicta-Knight"]
[Black "BotanicalKnight"]
[Result "0-1"]
[WhiteElo "1503"]
[BlackElo "1564"]
[Opening "Caro-Kann: Panov-Botvinnik attack"]
[ECO "B13"]
[Time "08:07:23"]
[TimeControl "2700+45"]

1. e4 c6 2. d4 d5 3. exd5 cxd5 4. c4 Nc6 5. Nc3 e6 6. Nf3 Nf6 7. Bg5 dxc4 8.
Bxc4 Be7 9. O-O O-O 10. Re1 h6 11. Bh4 Re8 12. Ne2 Nd5 13. Bg3 a6 14. Ne5 Bd7
15. Nc3 Nxc3 16. bxc3 b5 17. Bb3 Nxe5 18. Bxe5 Bf6 19. Qg4 Bxe5 20. Rxe5 Qa5 21.
c4 Qc3 22. Rd1 bxc4 23. Rc5 Rec8 24. Qe4 Qb4 25. Bc2 f5 26. Qe5 Rxc5 27. dxc5
Qb5 28. Qd6 Ra7 29. Rb1 Qa5 30. Qb8+ Kh7 31. Qxa7 Qxa2 32. Rf1 Bb5 33. Qb7 Qxc2
34. c6 c3 35. c7 Bxf1 36. Kxf1 Qd1# {White checkmated} 0-1

[Event "Team 45 45 League T42"]
[Site "Internet Chess Club"]
[Date "2009.08.30"]
[Round "5"]
[White "ticopatzer"]
[Black "allanchs"]
[Result "0-1"]
[WhiteElo "1516"]
[BlackElo "1595"]
[Opening "Ruy Lopez: closed, Chigorin defense"]
[ECO "C97"]
[Time "10:01:30"]
[TimeControl "2700+45"]

1. e4 e5 2. Nf3 Nc6 3. Bb5 a6 4. Ba4 Nf6 5. O-O Be7 6. Re1 b5 7. Bb3 d6 8. c3
O-O 9. h3 Na5 10. Bc2 c5 11. d4 Qc7 12. Bg5 Ne8 13. Bxe7 Qxe7 14. dxe5 dxe5 15.
Qd5 Bb7 16. Qxe5 Nc6 17. Qxe7 Nxe7 18. Nbd2 Nf6 19. c4 Rfd8 20. a4 bxc4 21. Nxc4
Nc6 22. e5 Ne8 23. Be4 Rab8 24. Rad1 Nd4 25. Nxd4 cxd4 26. Bxb7 Rxb7 27. Rd3 Nc7
28. Red1 Ne6 29. g3 Rb4 30. b3 Kf8 31. f4 Nc5 32. Rxd4 Rxd4 33. Rxd4 Nxb3 34.
Rd3 Rxc4 35. Rxb3 Rxa4 36. Rb8+ Ke7 37. Ra8 Ra2 38. Ra7+ Ke8 39. h4 a5 40. f5 a4
41. g4 a3 42. g5 Ra1+ 43. Kg2 a2 44. Kf2 Rh1 45. Rxa2 Rh2+ {White resigns} 0-1

[Event "Team 45 45 League T42"]
[Site "Internet Chess Club"]
[Date "2009.08.28"]
[Round "5"]
[White "EyeAm"]
[Black "trustnicky"]
[Result "1-0"]
[WhiteElo "1525"]
[BlackElo "1402"]
[Opening "Two knights defense"]
[ECO "C59"]
[Time "18:02:14"]
[TimeControl "2700+45"]

1. e4 e5 2. Nf3 Nc6 3. Bc4 Nf6 4. Ng5 d5 5. exd5 Na5 6. Bb5+ c6 7. dxc6 bxc6 8.
Be2 h6 9. Nf3 e4 10. Ne5 Bc5 11. d3 Qd4 12. Be3 Qxb2 13. Bxc5 Qxa1 14. d4 Qxa2
15. O-O Be6 16. Ba6 Nd7 17. Nxd7 Bxd7 18. Nc3 Qe6 19. Nxe4 Nc4 20. Bxc4 Qxe4 21.
Re1 Qxe1+ 22. Qxe1+ Be6 23. Bxe6 fxe6 24. Qxe6+ Kd8 25. Qe7+ Kc8 26. Bd6 {Black
resigns} 1-0

[Event "Team 45 45 League T42"]
[Site "Internet Chess Club"]
[Date "2009.08.30"]
[Round "5"]
[White "tightfist"]
[Black "Andressa"]
[Result "0-1"]
[WhiteElo "1546"]
[BlackElo "1529"]
[Opening "Polish (Sokolsky) opening"]
[ECO "A00"]
[Time "10:05:13"]
[TimeControl "2700+45"]

1. b4 e5 2. Bb2 Bxb4 3. Bxe5 Nc6 4. Bxg7 f6 5. Nf3 Qe7 6. Bxh8 h6 7. e3 Qh7 8.
Bxf6 Nxf6 9. a3 Be7 10. Nc3 d5 11. Bb5 Bf5 12. d3 a6 13. Bxc6+ bxc6 14. Rb1 Bxa3
15. Rb7 O-O-O 16. Qb1 Nd7 17. Ra7 Nb6 18. Qxb6 cxb6 19. Rxh7 Bxh7 20. O-O b5 21.
Ne2 Kb7 22. Ned4 Re8 23. Ra1 Bb2 24. Ra2 Bxd4 25. Nxd4 Kb6 26. Nxc6 Kxc6 27.
Rxa6+ Kc5 28. Rxh6 Ra8 29. f4 Bf5 30. Kf2 Bg4 31. h3 Bd1 32. Rh7 Ra2 33. Rc7+
Kd6 34. Rb7 Kc6 35. Rb8 Bxc2 36. Rc8+ Kd6 37. Rd8+ Kc6 38. g4 Bxd3+ 39. Kg3 b4
40. Rc8+ Kd6 41. Rb8 Kc5 42. Rc8+ Kb5 43. Rb8+ Kc4 44. f5 b3 45. Rc8+ Kb4 46. f6
Bg6 47. Rb8+ Kc3 48. Rc8+ Kd3 49. Rb8 b2 50. Rb7 Kxe3 51. f7 Bxf7 52. Rxf7 b1=Q
53. Rf3+ Kd4 54. Rf4+ Kc5 55. g5 Ra3+ 56. Kg4 Qg1+ 57. Kh4 Qg3+ 58. Kh5 Qxf4 59.
Kg6 Rxh3 60. Kg7 Qxg5+ {White resigns} 0-1

[Event "Team 45 45 League T42"]
[Site "Internet Chess Club"]
[Date "2009.08.28"]
[Round "5"]
[White "Juan73"]
[Black "frankd"]
[Result "0-1"]
[WhiteElo "1676"]
[BlackElo "1531"]
[Opening "Pirc: classical (two knights) system"]
[ECO "B08"]
[Time "20:01:04"]
[TimeControl "2700+45"]

1. e4 d6 2. d4 Nf6 3. Nc3 g6 4. Nf3 Bg7 5. Bc4 O-O 6. Bg5 c6 7. Qd2 Qa5 8. Bh6
b5 9. Bb3 b4 10. Ne2 Nxe4 11. Qe3 d5 12. Bxg7 Kxg7 13. h4 Bg4 14. Ng5 Bxe2 15.
Nxe4 dxe4 16. Qxe2 f5 17. h5 g5 18. f3 e5 19. fxe4 f4 20. d5 Qc7 21. h6+ Kh8 22.
O-O-O Qd6 23. dxc6 Qc7 24. Qb5 Nxc6 25. Rd5 a5 26. Rhd1 Nd4 27. Qa4 Rfd8 28. Kb1
Rxd5 29. Bxd5 Rc8 30. c3 bxc3 31. Rxd4 cxb2 32. Rc4 Qd8 33. Qxa5 g4 34. Rxc8
Qxc8 35. Qa8 Qxa8 36. Bxa8 Kg8 37. Kxb2 f3 38. gxf3 g3 39. f4 g2 40. fxe5 g1=Q
41. e6 Kf8 42. Bd5 Qh2+ 43. Kb3 Qxh6 44. a4 Qe3+ 45. Kb4 h5 46. a5 Qa7 47. Kb5
h4 48. a6 Ke7 49. Kc4 Qxa6+ 50. Kd4 h3 51. Ke3 h2 52. e5 Qa1 {White resigns} 0-1

[Event "Team 45 45 League T42"]
[Site "Internet Chess Club"]
[Date "2009.08.31"]
[Round "5"]
[White "tryanything"]
[Black "nozmov"]
[Result "1/2-1/2"]
[WhiteElo "1556"]
[BlackElo "1398"]
[Opening "Old Indian: Ukrainian variation"]
[ECO "A53"]
[Time "05:45:17"]
[TimeControl "2700+45"]

1. d4 Nf6 2. c4 d6 3. Nc3 e5 4. dxe5 dxe5 5. Qxd8+ Kxd8 6. e4 c6 7. Bd3 Na6 8.
a3 Nc5 9. Bc2 a6 10. Nf3 Bd6 11. O-O h6 12. Rd1 Ke7 13. b4 Ncd7 14. c5 Bc7 15.
Bb2 b6 16. cxb6 Nxb6 17. h3 Be6 {Game drawn by mutual agreement} 1/2-1/2

[Event "Team 45 45 League T42"]
[Site "Internet Chess Club"]
[Date "2009.08.30"]
[Round "5"]
[White "cityprosecutor"]
[Black "Zebbile"]
[Result "0-1"]
[WhiteElo "1792"]
[BlackElo "2012"]
[Opening "Alekhine's defense: exchange variation"]
[ECO "B02"]
[Time "22:03:18"]
[TimeControl "2700+45"]

1. e4 Nf6 2. e5 Nd5 3. c4 Nb6 4. d4 d6 5. exd6 cxd6 6. Nc3 g6 7. Be3 Bg7 8. Rc1
Nc6 9. d5 Ne5 10. b3 O-O 11. Be2 f5 12. f4 Ng4 13. Bxg4 fxg4 14. Nge2 e5 15.
dxe6 Qe7 16. O-O Bxe6 17. Bd4 Bh6 18. Nb5 a6 19. Nxd6 Qxd6 20. c5 Qd5 21. cxb6
Rac8 22. Be5 Rxc1 23. Qxc1 Qa5 24. Qc7 Qxa2 25. Qxb7 Qxe2 26. Qc6 Qe3+ 27. Kh1
Qxe5 28. b7 Bxf4 {White resigns} 0-1

[Event "Team 45 45 League T42"]
[Site "Internet Chess Club"]
[Date "2009.08.29"]
[Round "5"]
[White "pishd"]
[Black "chess9793"]
[Result "1-0"]
[WhiteElo "1714"]
[BlackElo "1870"]
[Opening "Queen's pawn: London system"]
[ECO "A45"]
[Time "12:11:20"]
[TimeControl "2700+45"]

1. d4 Nf6 2. Bf4 c5 3. c3 cxd4 4. cxd4 Qb6 5. b3 Nc6 6. e3 g6 7. Be2 Bg7 8. Nd2
Nd5 9. Bg3 Nc3 10. Qc2 Nxe2 11. Nxe2 d6 12. Nc4 Qd8 13. O-O O-O 14. Rfd1 d5 15.
Nb2 Bf5 16. Qd2 Rc8 17. Rac1 b6 18. h3 Qd7 19. Bh2 Rfd8 20. Ng3 Be6 21. Nd3 f6
22. Rc2 Bf7 23. Ne2 e5 24. Rdc1 e4 25. Nb4 Nxb4 26. Qxb4 Bf8 27. Qd2 Ba3 28.
Rxc8 Rxc8 29. Rxc8+ Qxc8 30. Qc3 Qxc3 31. Nxc3 a6 32. Na4 b5 33. Nc5 a5 34. Bc7
Bxc5 35. dxc5 a4 36. bxa4 bxa4 37. a3 Kf8 38. Kf1 Ke7 39. Ke2 Kd7 40. Bd6 Kc6
41. Kd2 Kb5 42. Kc3 Be8 43. Kd4 Bd7 44. Kxd5 f5 45. h4 h6 46. Bf8 h5 47. Be7 Be8
48. Kd6 Bc6 49. Bf8 Ba8 50. Ke6 Kc4 51. Kf6 Kd3 52. Bd6 Ke2 53. Bg3 f4 54. exf4
e3 55. fxe3 Kxe3 56. Kxg6 Bxg2 57. f5 Kd4 58. f6 Kxc5 59. f7 Be4+ 60. Kxh5 Bg6+
61. Kxg6 Kc6 62. Kg7 Kd7 63. f8=Q Ke6 64. Qf4 Kd5 65. Kf6 Kc5 66. h5 Kb5 67. h6
Ka5 68. h7 Kb5 69. h8=Q Ka5 70. Qh5+ Ka6 71. Kg7 Kb7 72. Qf6 Ka7 73. Qhf7+ Ka8
74. Qd8# {Black checkmated} 1-0

[Event "Team 45 45 League T42"]
[Site "Internet Chess Club"]
[Date "2009.08.30"]
[Round "5"]
[White "chess9397"]
[Black "jefferyx"]
[Result "1-0"]
[WhiteElo "1891"]
[BlackElo "1963"]
[Opening "Sicilian: Taimanov variation"]
[ECO "B48"]
[Time "20:30:16"]
[TimeControl "2700+45"]

1. e4 c5 2. Nf3 e6 3. d4 cxd4 4. Nxd4 Nc6 5. Nc3 a6 6. Be3 Qc7 7. Bd3 Nf6 8. O-O
Bb4 9. Nxc6 bxc6 10. f4 d5 11. e5 Nd7 12. Na4 c5 13. c3 Ba5 14. f5 Qxe5 15. Bf4
Qf6 16. fxe6 fxe6 17. Bc7 Bxc7 18. Rxf6 Nxf6 19. Nxc5 O-O 20. Qa4 e5 21. Qc6 Ra7
22. Bxa6 Bg4 23. h3 Bh5 24. Ne6 Rf7 25. Bb7 Bb8 26. Qc8+ {Black resigns} 1-0

[Event "Team 45 45 League T42"]
[Site "Internet Chess Club"]
[Date "2009.09.01"]
[Round "5"]
[White "budugu"]
[Black "TIP"]
[Result "0-1"]
[WhiteElo "1507"]
[BlackElo "1684"]
[Opening "French defense"]
[ECO "C00"]
[Time "08:52:02"]
[TimeControl "2700+45"]

1. e4 e6 2. Nf3 d5 3. exd5 exd5 4. d4 c5 5. Bb5+ Bd7 6. Nc3 Bxb5 7. Nxb5 a6 8.
Nc3 c4 9. O-O Bb4 10. Bg5 f6 11. Bd2 Ne7 12. Re1 O-O 13. a3 Bxc3 14. Bxc3 b5 15.
Bb4 Re8 16. Qe2 Nbc6 17. Qe6+ Kh8 18. Bc5 Qc7 19. Nh4 Ng8 20. Qh3 Nh6 21. Re3
Qf4 22. Rae1 Rxe3 23. fxe3 Qe4 24. c3 Nd8 25. Rf1 Ndf7 26. Qg3 Re8 27. Re1 Ng5
28. Bd6 Nf5 29. Nxf5 Qxf5 30. Bf4 Ne4 31. Qf3 Nd2 32. Qe2 Ne4 33. Rf1 Qg6 34.
Qe1 h6 35. Qb1 Qh5 36. Qd1 Qf5 37. Bxh6 Qg6 38. Bf4 Qh7 39. Rf3 Kg8 40. Rh3 Qf5
41. Qc2 g5 42. Bd6 Nxd6 43. Qd1 Ne4 44. Rf3 Qg6 45. Qc2 Kg7 46. Qd1 {White
resigns} 0-1

[Event "Team 45 45 League T42"]
[Site "Internet Chess Club"]
[Date "2009.08.30"]
[Round "5"]
[White "chess92192"]
[Black "frank001"]
[Result "1-0"]
[WhiteElo "2003"]
[BlackElo "1851"]
[Opening "Benoni: Taimanov variation"]
[ECO "A67"]
[Time "21:00:09"]
[TimeControl "2700+45"]

1. d4 Nf6 2. c4 e6 3. Nc3 c5 4. d5 exd5 5. cxd5 d6 6. e4 g6 7. f4 Bg7 8. Bb5+
Nfd7 9. Nf3 a6 10. Bxd7+ Bxd7 11. O-O b5 12. e5 dxe5 13. fxe5 O-O 14. Ne4 Qc7
15. Bg5 Bg4 16. Nf6+ Kh8 17. Nxg4 {Black resigns} 1-0

[Event "Team 45 45 League T42"]
[Site "Internet Chess Club"]
[Date "2009.08.29"]
[Round "5"]
[White "pedrin"]
[Black "hewdondada"]
[Result "0-1"]
[WhiteElo "1019"]
[BlackElo "1768"]
[Opening "QGD Slav: Dutch variation"]
[ECO "D18"]
[Time "14:13:12"]
[TimeControl "2700+45"]

1. d4 d5 2. c4 c6 3. Nf3 Nf6 4. Nc3 dxc4 5. a4 Bf5 6. e3 e6 7. Bxc4 Bb4 8. O-O
Qa5 9. Qb3 O-O 10. Na2 c5 11. Nxb4 Qxb4 12. Qxb4 cxb4 13. Bd2 a5 14. b3 Nbd7 15.
Rfc1 Rac8 16. h3 Ne4 17. Be1 Nd6 18. Bd2 Nb6 19. Be2 Bc2 20. Bd1 Bd3 21. Rc5 Ne4
22. Rxa5 Nxd2 23. Nxd2 Nd5 24. Ra7 b6 25. Bf3 Rc2 26. Bxd5 Rxd2 27. Bf3 Rb2 28.
Rb7 Rxb3 29. Rxb6 g6 30. a5 Rc8 31. Ra4 Rb1+ 32. Kh2 b3 33. a6 b2 34. Ra2 Rc7
35. Rb7 Rxb7 36. axb7 Rh1+ 37. Kg3 b1=Q 38. Ra8+ Kg7 39. b8=Q Qxb8+ 40. Rxb8 g5
41. d5 exd5 42. Bxd5 h5 43. Rb7 Bg6 44. f4 Rd1 45. Bf3 gxf4+ 46. exf4 Rc1 47. f5
Bxf5 48. Bxh5 Be6 49. Bf3 Rc3 50. h4 Bd5 51. Rd7 Bxf3 52. gxf3 Rc1 53. Kg4 Rg1+
54. Kf5 Rg6 55. h5 Rf6+ 56. Kg4 Rb6 57. f4 Rc6 58. Kg5 Rc5+ 59. f5 Rc6 60. Re7
Rb6 61. Rc7 Rd6 62. Ra7 Rc6 63. Rd7 Rb6 64. Re7 Rc6 65. Rb7 Ra6 66. Rb4 Rc6 67.
Rg4 Rb6 68. Kh4+ Kh6 69. Rc4 Ra6 70. Rd4 Rb6 71. Ra4 Rc6 72. Kg4 Rb6 73. Rd4 Rc6
74. Rb4 Ra6 75. Rc4 Rb6 76. Ra4 Rc6 77. Kh4 Rb6 78. Rd4 Rc6 79. Kg4 Kg7 80. Kg5
Rb6 81. Rg4 Ra6 82. Rg2 Rb6 83. Rg1 Ra6 84. Rg3 Rb6 85. Rg2 Ra6 86. Rg1 Rb6 87.
Rg3 Ra6 88. Rh3 f6+ 89. Kf4 Ra4+ 90. Kg3 Kh6 91. Rh1 Rb4 92. Kf3 Ra4 93. Rh2 Rb4
94. Ke3 Ra4 95. Rg2 Kxh5 96. Rg6 Ra3+ 97. Ke4 Ra4+ 98. Kd5 Ra6 99. Rg7 Rb6 100.
Rg8 Ra6 101. Rg6 Rb6 102. Ke4 Ra6 103. Rg8 Rb6 104. Rg7 Ra6 105. Rg2 Ra4+ 106.
Kd5 Rg4 107. Rxg4 Kxg4 108. Ke4 Kg5 109. Ke3 Kg4 110. Ke4 Kg3 111. Ke3 Kg4 112.
Ke4 Kg5 113. Ke3 Kh4 114. Ke4 Kh3 115. Kd4 Kg3 116. Ke4 Kg4 117. Kd4 Kf3 {White
resigns} 0-1